 Dungeon Crawl Stone Soup version 0.32-a0-799-g95e1662365 (webtiles) character file.

Game seed: 17920531453950466053

16329 croobank the Nimble (level 12, -4/91 HPs)
             Began as a Human Summoner on Mar 22, 2024.
             Was a Believer of Kikubaaqudgha.
             Killed from afar by a gargoyle (21 damage)
             ... with a stone arrow
             ... on level 12 of the Dungeon.
             The game lasted 00:40:27 (12414 turns).

croobank the Nimble (Human Summoner)               Turns: 12414, Time: 00:40:27

Health: -4/91      AC:  8    Str:  9    XL:     12   Next: 36%
Magic:  6/22       EV: 15    Int: 20    God:    Kikubaaqudgha [**....]
Gold:   582        SH:  0    Dex: 14    Spells: 11/25 levels left

rFire   . . .        p - +12 long sword of Zaboogom {freeze, Will+}
rCold   . . .        (no shield)
rNeg    + . .        h - +1 leather armour
rPois   .            w - +0 mask of the Dragon {Will+ Slay+3 SInv}
rElec   .            (no cloak)
rCorr   .            f - +1 Delatra's gloves {ID++}
SInv    +            H - +0 pair of boots
Will    ++...        l - amulet of the acrobat
Stlth   ++++         j - +4 ring of slaying
HPRegen 0.35/turn    v - ring of positive energy
MPRegen 0.18/turn

%: acrobat
@: studying Dodging
A: explore regen
a: Renounce Religion, Unearth Wretches


You were on level 12 of the Dungeon.
You worshipped Kikubaaqudgha.
Kikubaaqudgha was pleased with you.
You visited 2 branches of the dungeon, and saw 13 of its levels.

You collected 582 gold pieces.

Inventory:

Hand Weapons
 d - a +0 sling
 p - the +12 long sword of Zaboogom (weapon) {freeze, Will+}
   (You found it on level 2 of the Dungeon)

   Will+:     It increases your willpower.
 x - the +10 dagger of Symmetry {flame, *Corrode rN+ MP+9}
   (You found it on level 4 of the Dungeon)

   rN+:       It protects you from negative energy.
   MP+9:      It affects your magic capacity (+9).
   *Corrode:  It may corrode you when you take damage.
 y - a +0 trident
 A - a +5 flail
 D - a +2 long sword of electrocution
Missiles
 q - 42 poisoned darts
 P - 5 darts of dispersal
Armour
 b - a +0 ring mail
 f - the +1 Delatra's gloves (worn) {ID++}
   (You found it on level 5 of the Dungeon)

   ID++:      It heals its wearer when they drink unknown potions, and restores
   their MP when they read unknown scrolls.
 h - a +1 leather armour (worn)
 o - a +0 robe
 w - the +0 mask of the Dragon (worn) {Will+ Slay+3 SInv}
   (You found it on level 2 of the Dungeon)

   Slay+3:    It affects your accuracy & damage with ranged weapons and melee
   (+3).
   Will+:     It increases your willpower.
   SInv:      It lets you see invisible.
 H - a +0 pair of boots (worn)
Jewellery
 e - a ring of fire
 g - a ring of protection from fire
 j - a +4 ring of slaying (left hand)
 l - an amulet of the acrobat (around neck)
 m - a ring of magical power
 n - a ring of magical power
 r - a +6 ring of intelligence
 u - a +5 ring of evasion
 v - a ring of positive energy (right hand)
 L - an amulet of magic regeneration
 Q - a ring of fire
Wands
 k - a wand of warping (7)
 F - a wand of mindburst (10)
 J - a wand of flame (34)
Scrolls
 c - 4 scrolls of blinking
 i - 3 scrolls of amnesia
 s - 7 scrolls of vulnerability
 t - 2 scrolls of poison
 I - a scroll of revelation
 K - a scroll of immolation
 M - a scroll of torment
 T - a scroll of fog
Potions
 a - 2 potions of haste
 z - 3 potions of mutation
 B - a potion of curing
 C - a potion of attraction
 E - 5 potions of brilliance
 N - a potion of magic
 O - 3 potions of might
 R - a potion of berserk rage


   Skills:
 + Level 7.4 Fighting
 - Level 5.0 Long Blades
 - Level 5.0 Armour
 + Level 10.3 Dodging
 + Level 8.4 Stealth
 + Level 7.0 Spellcasting
 + Level 8.4 Summonings
 - Level 5.0 Fire Magic
 + Level 6.3 Air Magic


You had 11 spell levels left.
You knew the following spells:

 Your Spells              Type           Power      Damage    Failure   Level
a - Summon Small Mammal   Summ           100%       N/A       1%          1
b - Call Imp              Summ           82%        N/A       1%          2
c - Call Canine Familiar  Summ           41%        N/A       1%          3
d - Summon Blazeheart Go  Fire/Summ      34%        N/A       8%          4
e - Summon Lightning Spi  Summ/Air       36%        N/A       6%          4

Your spell library contained the following spells:

 Spells                   Type           Power      Damage    Failure   Level
 Summon Ice Beast         Ice/Summ       24%        N/A       6%          3
 Cigotuvi's Dreadful Rot  Necr/Alch/Air  30%        N/A       8%          2
 Freeze                   Ice            28%        1d5       12%         1
 Magic Dart               Conj           28%        1d4       12%         1
 Necrotise                Necr           28%        1d5       12%         1
 Ensorcelled Hibernation  Hex/Ice        14%        N/A       19%         2
 Searing Ray              Conj           14%        2d5       19%         2
 Sublimation of Blood     Necr           7%         N/A       19%         2
 Dazzling Flash           Conj/Hex       14%        N/A       36%         3
 Frozen Ramparts          Ice            14%        1d3       36%         3
 Fugue of the Fallen      Necr           7%         N/A       36%         3
 Hailstorm                Conj/Ice       7%         3d5       36%         3
 Sigil of Binding         Hex            7%         N/A       36%         3
 Anguish                  Hex/Necr       3%         N/A       77%         4
 Dimensional Bullseye     Hex/Tloc       3%         N/A       77%         4
 Fulminant Prism          Conj/Alch      3%         3d5       77%         4
 Manifold Assault         Tloc           7%         N/A       77%         4
 Death Channel            Necr           3%         N/A       100%        6
 Dispersal                Tloc           3%         N/A       100%        6
 Permafrost Eruption      Ice/Erth       3%         2x4d2     100%        6
 Sculpt Simulacrum        Ice/Alch       3%         N/A       100%        6
 Starburst                Conj/Fire      8%         6d4       100%        6
 Disjunction              Tloc           3%         N/A       100%        8
 Maxwell's Capacitive Co  Air            16%        ∞         100%        8


Dungeon Overview and Level Annotations

Branches:
Dungeon (12/15)            Temple (1/1) D:4            Lair (0/5) D:10
    Orc (0/2) D:9

Altars:
Ashenzari
Cheibriados
Dithmenos
Elyvilon
Fedhas
Gozag
Hepliaklqana
Kikubaaqudgha
Makhleb
Nemelex Xobeh
Okawaru
Qazlal
Ru
Sif Muna
Trog
Uskayaw
Vehumet
Wu Jian
Xom
Yredelemnul
Zin
The Shining One

Shops:
D:5 [


Innate Abilities, Weirdness & Mutations

You regain HP and MP as you explore.


Message History

An electric hum fills the air.
The acid dragon roars!
You slice the acid dragon!! You freeze the acid dragon.
You kill the acid dragon!
Kikubaaqudgha accepts your kill.
The acid dragon scales are intact enough to wear.
You carefully extract the barbed spikes from your body.
A gargoyle comes into view. It is wielding a +0 mace.
Your lightning spire shoots out a bolt of lightning at the gargoyle!
The bolt of electricity hits the gargoyle.
The gargoyle resists.
The gargoyle completely misses you.
A gargoyle comes into view. It is wielding a +0 flail.
Your lightning spire shoots out a bolt of lightning at the gargoyle!
The bolt of electricity hits the gargoyle.
The gargoyle resists.
You hit the gargoyle. You freeze the gargoyle.
The gargoyle is heavily damaged.
The gargoyle hits you with a +0 mace!
Your lightning spire shoots out a bolt of lightning at the gargoyle!
The bolt of electricity hits the gargoyle.
The gargoyle resists.
The bolt of electricity hits the gargoyle.
The gargoyle completely resists.
Your magical contamination has completely faded away.
You hit the gargoyle. You freeze the gargoyle.
The gargoyle is almost destroyed.
The gargoyle hits you with a +0 mace!!
* * * LOW HITPOINT WARNING * * *
Your lightning spire shoots out a bolt of lightning at the gargoyle!
The bolt of electricity hits the gargoyle.
The gargoyle completely resists.
The bolt of electricity hits the gargoyle.
The gargoyle resists.
You hit the gargoyle but do no damage.
The gargoyle is almost destroyed.
The gargoyle hurls a stone arrow at you.
The stone arrow hits you!!
You die...
Kikubaaqudgha rasps: You have failed me!
Welcome... death!

##... #.... #.... #....
##... ##...> .
#############..... ..
#..I.............. ..H
#@9###########.... ....
##[##########..... .....
#9##.............
......##.########..)...#
............# ##(...###
......####...# #......#.
#.... #...##....#...
#... .#).......... #..
#....#..####


You could see 2 gargoyles and a friendly lightning spire (summoned).

Vanquished Creatures
  A catoblepas (D:8)
  A boulder beetle (D:11)
  A two-headed ogre (D:8)
  A tengu warrior (D:11)
  Pikel (D:5)
  A deep elf pyromancer (D:12)
  2 cyclopes (D:11)
  2 manticores
  An ugly thing (D:11)
  3 kobold demonologists (D:11)
  2 trolls
  10 yaks
  A wyvern (D:11)
  2 vampire mosquitoes
  2 steam dragons (D:8)
  Menkaure (D:4)
  An acid dragon (D:12)
  4 orc warriors
  A black bear (D:6)
  2 ice beasts
  2 sky beasts (D:7)
  2 ogres
  3 centaurs
  A lemure (D:5)
  A phantom (D:4)
  4 kobold brigands
  A bullfrog (D:8)
  A gnoll sergeant (D:10)
  6 scorpions
  2 wights (D:7)
  13 killer bees
  2 electric eels (D:9)
  2 howler monkeys
  4 crimson imps (D:3)
  A jelly (D:5)
  3 orc priests
  2 hounds
  2 gnoll boudas
  11 orc wizards
  A sleepcap (Temple)
  5 iguanas
  Natasha (twice) (D:3)
  10 gnolls
  3 adders
  A shadow imp (D:7)
  A white imp (D:7)
  8 dart slugs
  A ribbon worm (D:2)
  23 orcs
  2 ball pythons (D:2)
  5 endoplasms
  4 giant cockroaches
  6 hobgoblins
  4 jackals (D:5)
  5 quokkas
  3 bats
  3 frilled lizards (D:2)
  7 goblins
  24 kobolds
  4 rats
225 creatures vanquished.

Vanquished Creatures (collateral kills)
  A two-headed ogre (D:10)
  An ugly thing (D:12)
  A komodo dragon (D:11)
  A tengu conjurer (D:11)
  A hornet (D:7)
  3 yaks
  Sigmund (D:3)
  3 vampire mosquitoes (D:11)
  A steam dragon (D:8)
  An acid dragon (D:11)
  A centaur (D:10)
  A kobold brigand (D:9)
  A scorpion (D:5)
  A wight (D:7)
  8 killer bees
  A howler monkey (D:9)
  2 jellies
  An orc priest (D:8)
  Jessica (D:3)
  An orc wizard (D:8)
  An adder (D:2)
  4 gnolls
  A white imp (D:8)
  3 dart slugs (D:3)
  9 orcs
  An endoplasm (D:1)
  A goblin (D:1)
  2 hobgoblins (D:2)
  2 jackals (D:1)
  10 kobolds
  A bat (D:1)
  A rat (D:1)
68 creatures vanquished.

Vanquished Creatures (others)
  A killer bee (D:9)
  33 blazeheart cores
34 creatures vanquished.

Grand Total: 327 creatures vanquished

Notes
Turn   | Place    | Note
-------+----------+-------------------------------------------
     0 | D:1      | croobank the Human Summoner began the quest for the Orb.
     0 | D:1      | Reached XP level 1. HP: 13/13 MP: 3/3
   288 | D:1      | Reached XP level 2. HP: 14/19 MP: 1/5
   291 | D:1      | Learned a level 2 spell: Call Imp
  1041 | D:2      | Found an iron altar of Okawaru.
  1054 | D:2      | Reached XP level 3. HP: 24/24 MP: 6/6
  1058 | D:2      | Learned a level 3 spell: Call Canine Familiar
  1082 | D:2      | Identified the +12 long sword of Zaboogom {freeze, Will+}
  1217 | D:2      | Found the +0 mask of the Dragon {Will+ Slay+3 SInv}
  1802 | D:3      | Reached XP level 4. HP: 31/31 MP: 7/7
  1813 | D:3      | Found a faded altar of an unknown god.
  2118 | D:3      | Found a shimmering altar of Xom.
  2135 | D:3      | Reached skill level 1 in Fighting
  2137 | D:3      | Reached skill level 3 in Dodging
  2137 | D:3      | Reached XP level 5. HP: 23/37 MP: 9/9
  2266 | D:3      | Noticed Jessica
  2274 | D:3      | HP: 1/37 [kobold/+0 mace (2)]
  2281 | D:3      | Killed Jessica
  2384 | D:3      | Reached XP level 6. HP: 35/44 MP: 5/10
  2422 | D:3      | Learned a level 4 spell: Summon Blazeheart Golem
  2518 | D:3      | Noticed a shadow
  2519 | D:3      | Found a shadowy altar of Dithmenos.
  2524 | D:3      | Found a hazy altar of Hepliaklqana.
  2718 | D:3      | Noticed Sigmund
  2742 | D:3      | Killed Sigmund
  2743 | D:3      | Reached skill level 5 in Summonings
  2743 | D:3      | Reached skill level 1 in Fire Magic
  2923 | D:3      | Noticed Natasha
  2930 | D:3      | Killed Natasha
  2931 | D:3      | Reached XP level 7. HP: 51/51 MP: 11/11
  3033 | D:4      | Identified the +10 dagger of Symmetry {flame, *Corrode rN+
                  | MP+9}
  3068 | D:4      | Found a staircase to the Ecumenical Temple.
  3130 | Temple   | Entered the Ecumenical Temple
  3466 | D:4      | Reached skill level 1 in Long Blades
  3695 | D:4      | Noticed Menkaure
  3701 | D:4      | Killed Menkaure
  3798 | D:4      | Reached skill level 4 in Dodging
  3798 | D:4      | Reached XP level 8. HP: 52/57 MP: 13/13
  3811 | D:4      | Learned a level 4 spell: Summon Lightning Spire
  4070 | D:4      | Identified a scroll of acquirement
  4070 | D:4      | Acquired a manual of Dodging
  4116 | D:5      | Entered Level 5 of the Dungeon
  4400 | D:5      | Reached skill level 1 in Air Magic
  4501 | D:5      | Noticed Pikel
  4512 | D:5      | Killed Pikel
  4513 | D:5      | Reached skill level 5 in Dodging
  4673 | D:3      | Noticed Natasha
  4682 | D:3      | Killed Natasha
  4953 | D:5      | Reached XP level 9. HP: 65/65 MP: 15/15
  5045 | D:5      | Reached skill level 5 in Stealth
  5131 | D:5      | Found Delisaeb's Antique Armour Emporium.
  5664 | D:5      | Found the +1 Delatra's gloves {ID++}
  6227 | D:6      | Reached skill level 5 in Fire Magic
  6552 | D:7      | Reached skill level 1 in Armour
  6552 | D:7      | Reached skill level 6 in Dodging
  6878 | D:7      | Found a white marble altar of Elyvilon.
  7265 | D:7      | Noticed a hornet
  7273 | D:7      | Killed a hornet
  7274 | D:7      | Reached XP level 10. HP: 73/73 MP: 17/17
  7644 | D:8      | Reached skill level 5 in Spellcasting
  7829 | D:8      | Noticed a two-headed ogre
  7846 | D:8      | Killed a two-headed ogre
  7847 | D:8      | Reached skill level 5 in Fighting
  7847 | D:8      | Reached skill level 7 in Dodging
  8368 | D:8      | Noticed a catoblepas
  8386 | D:8      | Killed a catoblepas
  8885 | D:8      | Found an ancient bone altar of Kikubaaqudgha.
  8890 | D:8      | Became a worshipper of Kikubaaqudgha
  9273 | D:9      | Found a staircase to the Orcish Mines.
  9324 | D:9      | Reached skill level 8 in Dodging
  9326 | D:9      | Reached skill level 5 in Long Blades
  9326 | D:9      | Reached XP level 11. HP: 71/81 MP: 19/19
  9631 | D:9      | Reached * piety under Kikubaaqudgha
  9631 | D:9      | Received a gift from Kikubaaqudgha
  9879 | D:9      | Noticed a manticore
 10045 | D:9      | Killed a manticore
 10184 | D:10     | Entered Level 10 of the Dungeon
 10191 | D:10     | Reached skill level 5 in Air Magic
 10356 | D:10     | Found a stormy altar of Qazlal.
 10406 | D:10     | Found a staircase to the Lair.
 10586 | D:10     | Noticed a two-headed ogre
 10592 | D:10     | Killed a two-headed ogre
 10694 | D:10     | Reached skill level 9 in Dodging
 10699 | D:10     | Reached ** piety under Kikubaaqudgha
 10902 | D:10     | Found a burning altar of Makhleb.
 10903 | D:10     | Found a hide-covered altar of Uskayaw.
 10904 | D:10     | Found a bloodstained altar of Trog.
 10904 | D:10     | Found an ornate altar of the Wu Jian Council.
 11024 | D:11     | Reached skill level 5 in Armour
 11087 | D:11     | Noticed a green ugly thing
 11096 | D:11     | Killed a green ugly thing
 11259 | D:11     | Noticed a tengu warrior
 11275 | D:11     | Killed a tengu warrior
 11290 | D:11     | Reached XP level 12. HP: 43/89 MP: 10/22
 11605 | D:11     | Reached skill level 10 in Dodging
 11989 | D:11     | Noticed a boulder beetle
 12004 | D:11     | Killed a boulder beetle
 12074 | D:11     | Identified the +5 chain mail of Dice, Bag, and Bottle
                  | {Rampage +Inv Will+}
 12414 | D:12     | Killed from afar by a gargoyle

Illustrated notes

Levels and vault maps discovered:
D:1:      psy_arrival_fountain, layout_basic, feat_on_display
D:2:      minmay_chambers_of_twos, layout_loops_ring, basic_altar
D:3:      kennysheep_slugbush, layout_basic,
          riverfiend_overflow_shadow_ancestor, led_xom_imps,
          ebering_ecumenical_altar_mist, minmay_misc_feat_rows,
          minmay_misc_feat_columns, uniq_jessica, uniq_sigmund, uniq_natasha
D:4:      layout_loops_ring, minmay_temple_entry_ruins, minivault_5,
          uniq_menkaure
D:5:      layout_loops_corners, serial_shops, nicolae_shop_advertising_works
          [nicolae_subvault_shop_adworks], hangedman_decor_points, st_stairs_11,
          pf_guarded_unrand_delatra, uniq_pikel
D:6:      layout_basic, dk_noncrumbling_4, serial_park_tiny_pond
D:7:      layout_layer_cave, kennysheep_mini_moat, kennysheep_generic_room_10
D:8:      layout_gridville, overflow_temple_1_default, serial_co_window_serial,
          co_window_paths_a, co_window_paths_a, co_window_paths_a,
          co_window_corner_a, co_window_paths_b, co_window_paths_c,
          co_window_2corner, co_window_unsneaky_path_d, co_window_corner_ca,
          glass_columns_a, glass_columns_b, hangedman_decor_peaks_small
D:9:      kennysheep_big_flooded_room, layout_cave_pools, orc_0_dummy
D:10:     layout_irregular_city, nicolae_qazlal_eye_of_the_storm,
          mainiacjoe_overflow_alcove_3, dpeg_oklobed_lair
D:11:     layout_irregular_city
D:12:     layout_rooms, uniq_erolcha
Temple:   minmay_temple_forest_path

Skill      XL: |  1  2  3  4  5  6  7  8  9 10 11 12 |
---------------+-------------------------------------+-----
Fighting       | 1 2 3 4 5 6 7 |  7.4
Stealth        | 3 4 5 6 7 8 |  8.4
Dodging        | 3 4 5 6 8 9 10 | 10.3
Spellcasting   | 3 4 5 6 7 |  7.0
Summonings     | 5 6 7 8 |  8.4
Fire Magic     | 1 2 4 5 |  5.0
Long Blades    | 1 2 3 5 |  5.0
Air Magic      | 2 3 4 5 6 |  6.3
Armour         | 2 3 5 |  5.0

Action                     |  1- 3 |  4- 6 |  7- 9 | 10-12 || total
---------------------------+-------+-------+-------+-------++-------
  Melee: Unarmed           |     3 |       |       |       ||     3
         Dagger            |     5 |       |       |       ||     5
         Long sword        |    32 |    47 |   140 |    99 ||   318
   Fire: Sling             |    30 |       |       |       ||    30
   Cast: Summon Small Mamm |    25 |    10 |       |     1 ||    36
         Call Imp          |     2 |     7 |     1 |       ||    10
         Call Canine Famil |       |     4 |     2 |     1 ||     7
         Summon Blazeheart |       |       |     7 |    38 ||    45
         Summon Lightning  |       |       |       |    26 ||    26
  Evoke: Wand              |       |       |       |     3 ||     3
    Use: Potion            |     1 |     2 |       |     5 ||     8
         Scroll            |       |       |    18 |     7 ||    25
   Stab: Sleeping          |     2 |     4 |    15 |     2 ||    23
         Distracted        |     1 |     1 |       |     1 ||     3
 Armour: Robe              |    39 |    34 |    35 |       ||   108
         Leather armour    |       |       |    11 |   111 ||   122
  Dodge: Dodged            |    48 |    56 |   109 |   158 ||   371

Table legend: (Time is in decaauts)
 A = Elapsed time spent in this place.
 B = Non-inter-level travel time spent in this place.
 C = Inter-level travel time spent in this place.
 D = Time resting spent in this place.
 E = Time spent auto-exploring this place.
 F = Levels seen in this place.
 G = Mean time per level.
                   A        B        C        D        E       F      G
               +--------+--------+--------+--------+--------+-----+--------+
         Total |  12542 |  12006 |    536 |   1726 |   7742 |  13 |  964.8 |
       Dungeon |  12453 |  11918 |    535 |   1644 |   7742 |  12 | 1037.8 |
        Temple |     89 |     88 |      1 |     82 |      0 |   1 |   89.0 |
               +--------+--------+--------+--------+--------+-----+--------+

Top non-repeatable levels by time:
     D:8: 1751 daAuts
     D:5: 1435 daAuts
     D:3: 1318 daAuts
    D:11: 1293 daAuts
     D:7: 1187 daAuts
     D:4: 1133 daAuts
     D:2: 928 daAuts
     D:1: 919 daAuts
    D:10: 805 daAuts
     D:9: 804 daAuts
     D:6: 735 daAuts
    D:12: 138 daAuts
  Temple: 89 daAuts
